 Dungeon Crawl Stone Soup version 0.32-a0-450-g080537f31e (webtiles) character file.

Game seed: 18295228874960019884

6 Bravepunisher the Ducker (level 1, 0/11 HPs)
             Began as a Spriggan Monk on Feb 23, 2024.
             Succumbed to a kobold's poison
             ... on level 6 of the Dungeon.
             The game lasted 00:02:22 (673 turns).

Bravepunisher the Ducker (Spriggan Monk)             Turns: 673, Time: 00:02:22

Health: 0/11       AC:  2    Str:  7    XL:     1   Next: 75%
Magic:  2/2        EV: 19    Int: 11    God:
Gold:   64         SH:  0    Dex: 17    Spells: 0/0 levels left

rFire   . . .        a - +0 short sword
rCold   . . .        (no shield)
rNeg    . . .        b - +0 robe
rPois   .            (helmet restricted)
rElec   .            (no cloak)
rCorr   .            (gloves unavailable)
SInv    +            (boots unavailable)
Will    .....        (no amulet)
Stlth   ++           (no ring)
HPRegen 0.21/turn    (no ring)
MPRegen 0.08/turn

%: no passive effects
@: lethally poisoned (0 -> -4), very quick
A: very small, no large weapons, unfitting armour, see invisible, speed 3
a: no special abilities


You were on level 6 of the Dungeon.
You visited 1 branch of the dungeon, and saw 6 of its levels.

You collected 64 gold pieces.

Inventory:

Hand Weapons
 a - a +0 short sword (weapon)
Armour
 b - a +0 robe (worn)
Jewellery
 d - a ring of protection from fire
Potions
 c - a potion of ambrosia


   Skills:
 + Level 2.5 Fighting
 - Level 3.2 Short Blades
 * Level 4.4 Dodging


You couldn't memorise any spells.
You didn't know any spells.
Your spell library was empty.

Dungeon Overview and Level Annotations

Branches:
Dungeon (6/15)
 Temple: D:4-7

Altars:

Shops:
D:2 =


Innate Abilities, Weirdness & Mutations

You are very small and have problems with some larger weapons.
You are too small for most types of armour.
You have supernaturally acute eyesight. (SInv)
You cover ground extremely quickly. (Speed+++)


Message History

The kobold throws a stone.
The stone completely misses you.
The kobold throws a stone.
The stone barely misses you.
The kobold throws a stone.
The stone misses you.
The adder hisses angrily.
The adder barely misses you.
Found a scroll labelled YNUUWEATIY.
The adder bites you.
You open the door. The adder misses you. The adder completely misses you.
The kobold throws a stone.
The stone closely misses you.
There is an open door here.
The adder misses you. The kobold closely misses you. The adder bites you.
You are poisoned.
The adder poisons you!
The kobold throws a poisoned dart.
The poisoned dart misses you.
You feel sick.
The kobold throws a stone.
The stone misses you. The adder attacks as it pursues you! The adder bites you.
The kobold misses you.
You feel sick.
The kobold throws a poisoned dart.
The poisoned dart misses you.
The kobold throws a stone.
The stone closely misses you.
The kobold throws a stone.
The stone barely misses you.
You feel sick.
The kobold throws a poisoned dart.
The poisoned dart hits you!
You are lethally poisoned!
You feel sick. The kobold hits you with a +0 dagger.
* * * LOW HITPOINT WARNING * * *
The kobold barely misses you.
You hit the kobold.
The kobold is moderately wounded.
* * * LOW HITPOINT WARNING * * *
You feel sick. The adder closely misses you. The kobold misses you.
The kobold closely misses you.
You hit the kobold.
The kobold is severely wounded.
* * * LOW HITPOINT WARNING * * *
You feel sick. The kobold closely misses you. The adder completely misses you.
The kobold barely misses you. The kobold misses you.
You hit the kobold but do no damage.
The kobold is severely wounded.
You die...

#..?.# #....# #....#
#....# #....########
#### #####.......# #..#
#..'.......# #(.#....
#..#....K..# #..#..K.
#..#....S@.# #..#K...
####....KKK# #..#....
#.......########..#....
########.......#..#....
#..K....##'#....
#.........K.....
#..(............
#...............
..#######...............


You could see an adder and 4 kobolds.

Vanquished Creatures
  2 dart slugs
  A frilled lizard (D:1)
3 creatures vanquished.

Notes
Turn   | Place    | Note
-------+----------+-------------------------------------------
     0 | D:1      | Bravepunisher the Spriggan Monk began the quest for the
                  | Orb.
     0 | D:1      | Reached XP level 1. HP: 11/11 MP: 2/2
   212 | D:2      | Found Nuutoarch's Jewellery Emporium.
   263 | D:4      | Noticed a hound
   283 | D:5      | Entered Level 5 of the Dungeon
   469 | D:4      | Noticed a centaur
   469 | D:4      | Noticed a centaur
   469 | D:4      | Noticed a howler monkey
   476 | D:4      | Noticed an iguana
   477 | D:4      | Noticed a howler monkey
   530 | D:5      | Noticed an ogre
   535 | D:5      | Noticed a scorpion
   557 | D:5      | Noticed a water moccasin
   673 | D:6      | Succumbed to a kobold's poison

Illustrated notes

Levels and vault maps discovered:
D:1:      lightli_arrival_lavapool, layout_loops_ring
D:2:      kb_forest_paths, layout_basic, serial_shops, shop
D:3:      layout_loops_cross, hellmonk_ecumenical_altar_run_dry, uniq_natasha
D:4:      layout_rooms, serial_shops, nicolae_shop_advertising_works
          [nicolae_subvault_shop_adworks], chequers_serial_rivers_room_a,
          minmay_manual_mares
D:5:      minmay_diamond_boxcup, layout_basic, kennysheep_mini,
          minmay_quadrilaterals
D:6:      layout_gridville, cheibrodos_sewer_entry_bend,
          kennysheep_generic_room_9

Action                     || total
---------------------------++-------
  Melee: Short sword       ||    15
 Armour: Robe              ||     8
  Dodge: Dodged            ||    35

Table legend: (Time is in decaauts)
 A = Elapsed time spent in this place.
 B = Non-inter-level travel time spent in this place.
 C = Inter-level travel time spent in this place.
 D = Time resting spent in this place.
 E = Time spent auto-exploring this place.
 F = Levels seen in this place.
 G = Mean time per level.
                   A        B        C        D        E       F      G
               +--------+--------+--------+--------+--------+-----+--------+
         Total |    430 |    430 |      0 |      0 |    176 |   6 |   71.7 |
       Dungeon |    430 |    430 |      0 |      0 |    176 |   6 |   71.7 |
               +--------+--------+--------+--------+--------+-----+--------+

Top non-repeatable levels by time:
     D:5: 188 daAuts
     D:1: 141 daAuts
     D:6: 42 daAuts
     D:4: 37 daAuts
     D:2: 14 daAuts
     D:3: 6 daAuts
